 Dungeon Sprint DCSS version 0.30-a0-778-g2ef04afb54 (webtiles) character file.

Game seed: 2896471490173075854

25661 Turgor the Severer (level 12, -3/110 HPs)
             Began as a Demonspawn Gladiator on Feb 15, 2023.
             Was the Champion of Okawaru.
             Slain by a deep elf blademaster
             ... wielding a +0 rapier
              (6 damage)
             ... in the Dungeon (Sprint V: "Ziggurat Sprint").
             The game lasted 00:25:40 (1207 turns).

Turgor the Severer (Demonspawn Gladiator)           Turns: 1207, Time: 00:25:40

Health: -3/110     AC: 39    Str: 31    XL:     12   Next: 91%
Magic:  17/18      EV:  6    Int: 15    God:    Okawaru [******]
Gold:   0          SH: 34    Dex: 20    Spells: 11/11 levels left

rFire   + . .      SeeInvis +    H - +16 obsidian axe {drain, demonic, Mesm Drain Fly SInv}
rCold   . . .      Faith    .    J - +18 shield of the Gong {Loud rN+ Will+ rCorr EV-5}
rNeg    + + .      Spirit   .    l - +5 gold dragon scales
rPois   +          Reflect  .    c - +0 helmet
rElec   .          Harm     .    x - +4 cloak "Von Jau" {rN+ Dex+4}
rCorr   +          Rampage  .    (gloves unavailable)
Will    +++..      NoTele   +    (no boots) Stlth
                                 U - amulet "Roilu" {Acrobat Will+}
HPRegen 0.38/turn                B - +6 ring of strength
MPRegen 0.16/turn                N - ring of the Grand Plum {rC- Will+ Str+6 Int+4 Dex+2}

@: heroic, flying, mesmerised, hasted, very quick
A: slimy green scales 3, demonic magic 1, demonic touch 3
a: Renounce Religion, Heroism, Finesse


You were in the Dungeon.
You worshipped Okawaru.
Okawaru was exalted by your worship.
You visited 1 branch

Inventory:

Hand Weapons
 E - the +6 Majin-Bo {spellvamp, MP+6 Int+6}
   (You found it in the Dungeon)

   Int:       It affects your intelligence (+6).
   MP:        It affects your magic capacity (+6).
 F - the +10 dark maul {heavy}
   (You found it in the Dungeon)
 G - the +27 heavy crossbow "Sniper" {heavy, Acc+∞ SInv}
   (You found it in the Dungeon)

   Acc+∞: It never misses its target.
   SInv:      It lets you see invisible.
 H - the +16 obsidian axe (weapon) {drain, demonic, Mesm Drain Fly SInv}
   (You found it in the Dungeon)

   Mesm:      Its wielder is mesmerised by any visible foes, and it cannot be
   unequipped while any foes are visible.
   SInv:      It lets you see invisible.
   Fly:       It grants you flight.
   Drain:     It drains your maximum health when unequipped.
 K - the +5 sling "Kyireize" {drain, rElec rCorr}
   (You found it in the Dungeon)

   rElec:     It insulates you from electricity.
   rCorr:     It protects you from acid and corrosion.
 M - a +5 arbalest of electrocution
Missiles
 d - 3 throwing nets (quivered)
 e - a javelin
Armour
 c - a +0 helmet (worn)
 l - +5 gold dragon scales (worn)
 x - the +4 cloak "Von Jau" (worn) {rN+ Dex+4}
   (Okawaru gifted it to you in the Dungeon)

   Dex:       It affects your dexterity (+4).
   rN:        It protects you from negative energy.
 I - the +15 Maxwell's patent armour {-Cast -Tele rElec Will+ rCorr}
   (You found it in the Dungeon)

   rElec:     It insulates you from electricity.
   -Cast:     It prevents spellcasting.
   -Tele:     It prevents most forms of teleportation.
   rCorr:     It protects you from acid and corrosion.
   Will:      It increases your willpower.
 J - the +18 shield of the Gong (worn) {Loud rN+ Will+ rCorr EV-5}
   (You found it in the Dungeon)

   Loud:      It is deafeningly noisy when blocking attacks.
   EV:        It affects your evasion (-5).
   rN:        It protects you from negative energy.
   rCorr:     It protects you from acid and corrosion.
   Will:      It increases your willpower.
Jewellery
 a - the amulet "Lebef" {RegenMP Dex+2}
   (You found it in the Dungeon)

   [amulet of magic regeneration]

   It increases your rate of magic regeneration.
   Dex:       It affects your dexterity (+2).
 o - a ring of protection from cold
 w - a ring of flight
 y - the amulet of Iguexoh {Spirit rC- rN++ Regen+ rCorr}
   (You found it in the Dungeon)

   [amulet of guardian spirit]

   It causes incoming damage to be divided between your reserves of health and
   magic.
   rC:        It makes you vulnerable to cold.
   rN:        It greatly protects you from negative energy.
   Regen:     It increases your rate of health regeneration.
   rCorr:     It protects you from acid and corrosion.
 z - a +6 ring of intelligence
 A - a +6 ring of intelligence
 B - a +6 ring of strength (left hand)
 C - a +6 ring of strength
 N - the ring of the Grand Plum (right hand) {rC- Will+ Str+6 Int+4 Dex+2}
   (You found it in the Dungeon)

   [ring of strength]

   Str:       It affects your strength (+6).
   Int:       It affects your intelligence (+4).
   Dex:       It affects your dexterity (+2).
   rC:        It makes you vulnerable to cold.
   Will:      It increases your willpower.
 R - a ring of resist corrosion
 S - a ring of positive energy
 U - the amulet "Roilu" (around neck) {Acrobat Will+}
   (You found it in the Dungeon)

   [amulet of the acrobat]

   It increases your evasion while moving and waiting.
   Will:      It increases your willpower.
 V - the ring of Figedyt {rPois EV+5}
   (You found it in the Dungeon)

   [ring of evasion]

   EV:        It affects your evasion (+5).
   rPois:     It protects you from poison.
 X - the ring of Thoughtfulness {Ice Will+ Str+3}
   (You found it in the Dungeon)

   [ring of ice]

   It enhances your ice magic.
   Str:       It affects your strength (+3).
   rF:        It makes you vulnerable to fire.
   rC:        It protects you from cold.
   Will:      It increases your willpower.
Wands
 u - a wand of mindburst (6)
 v - a wand of quicksilver (6)
Scrolls
 k - 4 scrolls of blinking
 q - 4 scrolls of amnesia
 r - 6 scrolls of fog
 s - 5 scrolls of identify
 P - a scroll of brand weapon
Potions
 b - 2 potions of brilliance
 f - 9 potions of curing
 g - 3 potions of heal wounds
 h - 7 potions of haste
 i - 7 potions of magic
 m - 2 potions of invisibility
 n - a potion of resistance
 p - 6 potions of might
Miscellaneous
 D - a lightning rod (4/4)
 L - a tin of tremorstones (inert)
 T - a piece from Xom's chessboard (15/15)
 W - a phial of floods (inert)


   Skills:
 * Level 15.3(20.3) Fighting
 - Level 18.0(23.0) Axes
 + Level 1.7(6.7) Throwing
 + Level 14.0(19.0) Armour
 * Level 2.6(7.6) Dodging
 + Level 14.0(19.0) Shields
 - Level 9.0 Invocations
 + Level 0.0 Evocations


You had 11 spell levels left.
You didn't know any spells.
Your spell library contained the following spells:

 Spells                   Type           Power      Damage    Failure   Level
 Foxfire                  Conj/Fire      0%         2x1d4     99%         1
 Shock                    Conj/Air       0%         1d3       99%         1
 Ensorcelled Hibernation  Hex/Ice        0%         N/A       99%         2
 Sublimation of Blood     Necr           0%         N/A       99%         2
 Wereblood                Tmut           0%         N/A       99%         2
 Gell's Gravitas          Tloc           0%         N/A       100%        3
 Hailstorm                Conj/Ice       0%         3d3       100%        3
 Ignite Poison            Fire/Tmut/Pois 0%         N/A       100%        3
 Kindle Blastsparks       Fire/Tloc/Air  0%         2d10      100%        3
 Spider Form              Tmut/Pois      0%         N/A       100%        3
 Swiftness                Air            0%         N/A       100%        3
 Teleport Other           Tloc           0%         N/A       100%        3
 Airstrike                Air            0%         2d(0-16)  100%        4
 Anguish                  Hex/Necr       0%         N/A       100%        4
 Ice Form                 Ice/Tmut       0%         N/A       100%        4
 Petrify                  Tmut/Erth      0%         N/A       100%        4
 Alistair's Intoxication  Tmut/Pois      0%         N/A       100%        5
 Borgnjor's Vile Clutch   Necr/Erth      0%         N/A       100%        5
 Fireball                 Conj/Fire      0%         3d3       100%        5
 Irradiate                Conj/Tmut      0%         3d11      100%        5
 Lee's Rapid Deconstruct  Erth           0%         3d4*      100%        5
 Yara's Violent Unravell  Hex/Tmut       0%         3d3       100%        5
 Dispersal                Tloc           0%         N/A       100%        6
 Starburst                Conj/Fire      0%         6d3       100%        6
 Storm Form               Tmut/Air       0%         N/A       100%        7
 Ignition                 Fire           0%         3d3       100%        8
 Summon Small Mammal      Summ           Unusable   N/A       N/A         1
 Call Canine Familiar     Summ           Unusable   N/A       N/A         3
 Summon Guardian Golem    Hex/Summ       Unusable   N/A       N/A         3
 Simulacrum               Ice/Necr       Unusable   N/A       N/A         6

Dungeon Overview and Level Annotations

Branches:
Dungeon (1/1)

Altars:
Ashenzari
Cheibriados
Dithmenos
Fedhas
Gozag
Hepliaklqana
Kikubaaqudgha
Makhleb
Nemelex Xobeh
Okawaru
Qazlal
Ru
Sif Muna
Trog
Uskayaw
Vehumet
Wu Jian
Xom
Yredelemnul
Jiyva
Lugonu


Innate Abilities, Weirdness & Mutations

You are completely covered in slimy green scales. (AC +4, rPois)
Spells you cast may paralyse adjacent enemies.
Your touch may irresistibly damage your foes and sap their willpower.


Message History

Unknown command.
Okay, then.
Okay, then.
Unknown command.
Okay, then.
Okay, then.
Okay, then.
Unknown command.
Blink to where?
Press: ? - help, Dir - move target, p - deep elf zephyrmancer You can't see that place.
Okay, then.
Okay, then.
Okay, then.
As you read the scroll of fear, it crumbles to dust.
You assume a fearsome visage.
The air elemental is unaffected.
The +5 short sword of speed is unaffected.
The deep elf blademaster looks frightened!
The deep elf high priest resists with some effort.
The deep elf pyromancer looks frightened!
The +0 battleaxe of freezing is unaffected.
The water elemental is unaffected.
The deep elf high priest easily resists.
The deep elf zephyrmancer looks frightened!
The air elemental is unaffected.
The deep elf annihilator resists with almost no effort.
The deep elf blademaster resists with almost no effort.
The +1 heavy war axe is unaffected.
Visions of slaying the +5 short sword of speed flood into your mind.
The +5 short sword of speed hits you.
* * * LOW HITPOINT WARNING * * *
You block the +1 heavy war axe's attack.
SHROANNG!
You block the +5 short sword of speed's attack.
BONNNG!
You block the deep elf annihilator's attack.
GONNNNG!
The water elemental completely misses you.
The deep elf blademaster hits you with a +0 rapier.
You die...

▓.▓....▓.▓
▓...}}:)})..▓...©....▓
▓.....~~....▓▓▓▓▓▓▓▓▓▓
▓....e~.....▓...8©8...
▓...........▓....))...
▓...ee......▓.....}...
▓..e(E......▓.........
▓..▓e(e..▓..▓.........
▓...e@EE....▓.........
▓...(.©.....▓...)))...
▓▓▓▓▓▓▓▓▓▓▓▓▓.▓.)...▓.
▓....8©8....▓....©....
▓..}[|=}=...▓▓▓▓▓▓▓▓▓▓
▓...}}==)...▓...8©8...
▓...........▓...)))...
▓...........▓...}.....
▓...........▓.........


You could see 2 deep elf blademasters, a deep elf annihilator (empowered,
waterlogged), 2 deep elf high priests, a water elemental, a deep elf pyromancer
(empowered, fleeing, waterlogged), a deep elf zephyrmancer (empowered, fleeing,
waterlogged), 2 air elementals and 3 dancing weapons.

Vanquished Creatures
  A shard shrike (D)
  2 titans (D)
  2 shadow dragons (D)
  2 storm dragons (D)
  A red draconian (D)
  2 white draconians (D)
  3 wendigos (D)
  2 spriggan air magi (D)
  2 soul eaters (D)
  3 draconians (D)
  A cane toad (D)
  3 merfolk (D)
  5 wind drakes (D)
  A blink frog (D)
  A tarantella (D)
  A slime creature (D)
  A spriggan (D)
  2 air elementals (D)
  A yak (D)
  2 floating eyes (D)
  A water moccasin (D)
  A small abomination (D)
  2 black bears (D)
  2 wolves (D)
  2 orc warriors (D)
  3 centaurs (D)
  A bullfrog (D)
  A scorpion (D)
  An iron imp (D)
  An orc priest (D)
  An iguana (D)
  2 orc wizards (D)
  A river rat (D)
  A shadow imp (D)
  3 white imps (D)
  An ufetubus (D)
  2 spectral adders (D)
  2 adder simulacra (D)
  2 orcs (D)
  A bat zombie (D)
  5 endoplasms (D)
  3 jackals (D)
  A ball python simulacrum (D)
  2 giant cockroach simulacra (D)
  A giant cockroach zombie (D)
  A quokka skeleton (D)
  A spectral ball python (D)
  A spectral giant cockroach (D)
84 creatures vanquished.

Vanquished Creatures (others)
  A spriggan air mage (D)
  A merfolk (D)
  A ball python simulacrum (D)
3 creatures vanquished.

Grand Total: 87 creatures vanquished

Notes
Turn   | Place    | Note
-------+----------+-------------------------------------------
     0 | D        | Turgor the Demonspawn Gladiator began the quest for the
                  | Orb.
     0 | D        | Reached XP level 1. HP: 16/16 MP: 1/1
    14 | D        | Found a blossoming altar of Fedhas.
    14 | D        | Found the +6 Majin-Bo {spellvamp, MP+6 Int+6}
    14 | D        | Found the +27 heavy crossbow "Sniper" {heavy, Acc+∞ SInv}
    14 | D        | Found the +10 dark maul {heavy}
    14 | D        | Found the +15 Maxwell's patent armour {-Cast -Tele rElec
                  | Will+ rCorr}
    14 | D        | Found the +18 shield of the Gong {Loud rN+ Will+ rCorr
                  | EV-5}
    14 | D        | Found the +16 obsidian axe {drain, demonic, Mesm Drain Fly
                  | SInv}
    14 | D        | Found the +7 great mace "Firestarter" {flame, inner flame,
                  | rFlCloud rF++}
    14 | D        | Found the +6 shillelagh "Devastator" {shatter}
    14 | D        | Found the +11 plutonium sword {Contam Stlth-}
    14 | D        | Found the +8 lance "Wyrmbane" {slay drac, rPois rF+ rC+
                  | AC+3}
    14 | D        | Found the +9 sword of Zonguldrok {reap}
    14 | D        | Found the +13 scythe of Curses {drain, curses, Drain}
    14 | D        | Found the +9 sword of Power {lifebolt}
    14 | D        | Found the +7 mace of Variability {chaos, chain chaos}
    14 | D        | Found the +11 Singing Sword {sonic wave}
    14 | D        | Found the +8 storm bow {elec, penet}
    17 | D        | Found a shimmering blue altar of Sif Muna.
    17 | D        | Found a sacrificial altar of Ru.
    17 | D        | Found a bloodstained altar of Trog.
    17 | D        | Found a stormy altar of Qazlal.
    17 | D        | Found an iron altar of Okawaru.
    17 | D        | Found a sparkling altar of Nemelex Xobeh.
    19 | D        | Found a transporter.
    19 | D        | Found an ancient bone altar of Kikubaaqudgha.
    19 | D        | Found a viscous altar of Jiyva.
    19 | D        | Found a corrupted altar of Lugonu.
    19 | D        | Found a hazy altar of Hepliaklqana.
    19 | D        | Found a burning altar of Makhleb.
    19 | D        | Found an opulent altar of Gozag.
    88 | D        | Became a worshipper of Warmaster Okawaru
    97 | D        | Entered arena 2.
    97 | D        | Noticed a scorpion
    97 | D        | Noticed a tarantella
    97 | D        | Found a transporter.
   102 | D        | Killed a tarantella
   102 | D        | Reached * piety under Okawaru
   102 | D        | Reached ** piety under Okawaru
   102 | D        | Reached *** piety under Okawaru
   103 | D        | Reached skill level 5 in Fighting
   103 | D        | Reached skill level 7 in Axes
   103 | D        | Gained mutation: You are partially covered in slimy green
                  | scales. (AC +2) [demonic ancestry]
   103 | D        | Reached XP level 2. HP: 23/27 MP: 2/2
   103 | D        | Gained mutation: You are mostly covered in slimy green
                  | scales. (AC +3) [demonic ancestry]
   103 | D        | Reached XP level 3. HP: 28/33 MP: 3/3
   103 | D        | Reached XP level 4. HP: 33/39 MP: 4/4
   103 | D        | Gained mutation: Spells you cast may paralyse adjacent
                  | enemies. [demonic ancestry]
   103 | D        | Reached XP level 5. HP: 38/44 MP: 5/5
   109 | D        | Got the amulet "Lebef" {RegenMP Dex+2}
   117 | D        | Got the +5 sling "Kyireize" {drain, rElec rCorr}
   124 | D        | Entered arena 3.
   124 | D        | Found a transporter.
   130 | D        | Reached skill level 5 in Armour
   130 | D        | Reached skill level 5 in Shields
   130 | D        | Reached XP level 6. HP: 52/52 MP: 6/6
   148 | D        | Entered arena 4.
   148 | D        | Noticed a spriggan
   148 | D        | Found a transporter.
   153 | D        | Reached skill level 8 in Axes
   157 | D        | Reached skill level 9 in Axes
   157 | D        | Gained mutation: Your touch may inflict minor irresistible
                  | damage on your foes. [demonic ancestry]
   157 | D        | Reached XP level 7. HP: 60/60 MP: 7/7
   162 | D        | Killed a spriggan
   162 | D        | Reached **** piety under Okawaru
   215 | D        | Entered arena 5.
   215 | D        | Found a transporter.
   221 | D        | Reached skill level 10 in Axes
   221 | D        | Reached skill level 1 in Invocations
   229 | D        | Got the ring of the Grand Plum {rC- Will+ Str+6 Int+4
                  | Dex+2}
   242 | D        | Entered arena 6.
   242 | D        | Found a transporter.
   261 | D        | Entered arena 7.
   261 | D        | Noticed a cane toad
   261 | D        | Noticed a blink frog
   261 | D        | Noticed a yak
   264 | D        | Reached ***** piety under Okawaru
   266 | D        | Gained mutation: Your touch may inflict irresistible damage
                  | on your foes. [demonic ancestry]
   266 | D        | Reached XP level 8. HP: 65/68 MP: 8/10
   267 | D        | Killed a cane toad
   268 | D        | Reached skill level 11 in Axes
   268 | D        | Reached skill level 5 in Invocations
   272 | D        | Found a transporter.
   277 | D        | Killed a blink frog
   291 | D        | Entered arena 8.
   291 | D        | Noticed a white draconian
   291 | D        | Noticed a draconian
   291 | D        | Noticed a red draconian
   291 | D        | Noticed a draconian
   291 | D        | Noticed a white draconian
   291 | D        | Noticed a draconian
   298 | D        | Killed a draconian
   299 | D        | Gained mutation: Your touch may irresistibly damage your
                  | foes and sap their willpower. [demonic ancestry]
   299 | D        | Reached XP level 9. HP: 45/76 MP: 13/13
   301 | D        | Killed a draconian
   302 | D        | Reached skill level 12 in Axes
   305 | D        | Killed a draconian
   310 | D        | Killed a white draconian
   310 | D        | Identified the +1 chain mail of Dim Light {rElec rPois
                  | Str+3 Int-2} (Okawaru gifted it to you in the Dungeon)
   310 | D        | Received a gift from Okawaru
   310 | D        | Killed a white draconian
   311 | D        | Reached skill level 10 in Fighting
   311 | D        | Reached skill level 13 in Axes
   311 | D        | Gained mutation: You are completely covered in slimy green
                  | scales. (AC +4, rPois) [demonic ancestry]
   311 | D        | Reached XP level 10. HP: 44/86 MP: 15/15
   311 | D        | Found a transporter.
   313 | D        | Killed a red draconian
   314 | D        | Reached skill level 14 in Axes
   314 | D        | Reached skill level 10 in Armour
   471 | D        | Reached skill level 10 in Shields
   471 | D        | Reached XP level 11. HP: 93/93 MP: 16/16
   472 | D        | Entered arena 9.
   475 | D        | Found a transporter.
   485 | D        | Got the Handbook of Composition
   489 | D        | Got the Book of the Arsonist
   495 | D        | Entered arena 10.
   497 | D        | Paralysed by a floating eye for 2 turns
   506 | D        | Found a transporter.
   512 | D        | Got the amulet "Roilu" {Acrobat Will+}
   514 | D        | Got Kilekk's Tome of Volcanic Permutations
   526 | D        | Got the ring of Figedyt {rPois EV+5}
   534 | D        | Entered arena 11.
   536 | D        | Found a transporter.
   549 | D        | Reached skill level 15 in Axes
   551 | D        | Reached ****** piety under Okawaru
   579 | D        | Got the ring of Thoughtfulness {Ice Will+ Str+3}
   766 | D        | Entered arena 12.
   766 | D        | Noticed a spriggan air mage
   766 | D        | Noticed a storm dragon
   766 | D        | Paralysed by an air elemental for 1 turns
   766 | D        | Noticed a storm dragon
   767 | D        | Identified the +5 rapier of Ru {holy, rPois rC+ Dex+4}
   767 | D        | Noticed a spriggan air mage
   768 | D        | Identified the +0 mace of the Sky {freeze, *Slow rC++ rN+++
                  | Dex+2}
   768 | D        | Noticed a spriggan air mage
   773 | D        | Paralysed by an air elemental for 1 turns
   784 | D        | Killed a storm dragon
   784 | D        | Killed a spriggan air mage
   787 | D        | Killed a storm dragon
   787 | D        | Identified the +4 cloak "Von Jau" {rN+ Dex+4} (Okawaru
                  | gifted it to you in the Dungeon)
   787 | D        | Received a gift from Okawaru
   788 | D        | Reached skill level 16 in Axes
   788 | D        | Killed a spriggan air mage
   789 | D        | Killed a spriggan air mage
   790 | D        | Reached XP level 12. HP: 34/103 MP: 18/18
   794 | D        | Found a transporter.
   938 | D        | Entered arena 13.
   938 | D        | Noticed a shadow dragon
   939 | D        | Noticed a shadow dragon
   959 | D        | Reached skill level 17 in Axes
   960 | D        | Killed a shadow dragon
   962 | D        | Killed a shadow dragon
   964 | D        | Found a transporter.
   970 | D        | Got the amulet of Iguexoh {Spirit rC- rN++ Regen+ rCorr}
   985 | D        | Entered arena 14.
   986 | D        | Noticed a wendigo
   986 | D        | Noticed a titan
   986 | D        | Noticed a shard shrike
   986 | D        | Noticed a titan
   986 | D        | Paralysed by a wendigo for 1 turns
   986 | D        | Noticed a wendigo
   989 | D        | Noticed a wendigo
   995 | D        | Killed a titan
  1000 | D        | Killed a shard shrike
  1000 | D        | Killed a wendigo
  1001 | D        | Reached skill level 18 in Axes
  1002 | D        | Killed a wendigo
  1002 | D        | Received a gift from Okawaru
  1006 | D        | Killed a titan
  1007 | D        | Reached skill level 15 in Fighting
  1008 | D        | Paralysed by a wendigo for 1 turns
  1012 | D        | Killed a wendigo
  1057 | D        | Found a transporter.
  1198 | D        | Entered arena 15.
  1199 | D        | Noticed a deep elf high priest
  1199 | D        | Noticed a deep elf annihilator
  1199 | D        | Noticed a deep elf blademaster
  1199 | D        | Noticed a deep elf blademaster
  1200 | D        | Paralysed by an air elemental for 1 turns
  1202 | D        | Noticed a deep elf high priest
  1204 | D        | Paralysed by an air elemental for 1 turns
  1206 | D        | HP: 4/110 [deep elf blademaster/+0 rapier (7)]
  1207 | D        | Slain by a deep elf blademaster

Illustrated notes

Levels and vault maps discovered:
D:        sprint_v [room_start, room_1, room_2, room_3, room_4, room_5, room_6,
          room_7, room_8, room_9, room_10, room_11, room_12, room_13, room_14,
          room_15, room_16, room_17, room_18, room_19, room_20, room_21,
          room_22, room_23, room_24, room_25, room_26, room_27]

Skill      XL: |  1  2  3  4  5  6  7  8  9 10 11 12 |
---------------+-------------------------------------+-----
Fighting       | 5 6 7 8 9 10 11 12 15 | 15.3
Axes           | 7 9 10 11 13 14 16 18 | 18.0
Armour         | 4 5 6 7 8 9 10 11 14 | 14.0
Shields        | 4 5 6 7 8 9 10 11 14 | 14.0
Invocations    | 3 6 7 9 |  9.0
Throwing       | |  1.7
Dodging        | |  2.6

Action                     |  1- 3 |  4- 6 |  7- 9 | 10-12 || total
---------------------------+-------+-------+-------+-------++-------
  Melee: Broad axe         |     4 |    12 |    37 |    94 ||   147
 Invoke: Heroism           |       |       |     1 |     3 ||     4
         Finesse           |       |       |       |     1 ||     1
  Evoke: Tin of tremorston |       |       |     5 |     6 ||    11
         Lightning rod     |       |       |     2 |       ||     2
         Wand              |       |       |     1 |     1 ||     2
         Piece from Xom's  |       |       |       |     2 ||     2
         Phial of floods   |       |       |       |     4 ||     4
    Use: Potion            |     1 |     1 |     3 |    13 ||    18
         Scroll            |       |       |       |     3 ||     3
 Armour: Gold dragon scale |     5 |     8 |    10 |    92 ||   115
  Dodge: Dodged            |     1 |       |       |    11 ||    12
  Block: Kite shield       |     9 |    19 |    42 |   146 ||   216

Table legend: (Time is in decaauts)
 A = Elapsed time spent in this place.
 B = Non-inter-level travel time spent in this place.
 C = Inter-level travel time spent in this place.
 D = Time resting spent in this place.
 E = Time spent auto-exploring this place.
 F = Levels seen in this place.
 G = Mean time per level.
                   A        B        C        D        E       F      G
               +--------+--------+--------+--------+--------+-----+--------+
         Total |   1197 |   1197 |      0 |    590 |      0 |   1 | 1197.0 |
       Dungeon |   1197 |   1197 |      0 |    590 |      0 |   1 | 1197.0 |
               +--------+--------+--------+--------+--------+-----+--------+

Top non-repeatable levels by time:
       D: 1197 daAuts
